 Dungeon Crawl Stone Soup version 0.27-a0-1273-gec92ba881d (webtiles) character file.

Game seed: 860332922527366760

1554 senseless the Digger (level 8, -6/59 HPs)
             Began as a Gnoll Earth Elementalist on June 11, 2021.
             Mangled by a gnoll sergeant
             ... wielding a +0 trident
              (14 damage)
             ... on level 6 of the Dungeon.
             The game lasted 00:24:14 (6966 turns).

senseless the Digger (Gnoll Earth Elementalist)     Turns: 6966, Time: 00:24:15

Health: -6/59      AC:  4    Str:  9    XL:     8   Next: 88%
Magic:  13/17      EV: 14    Int: 16    God:
Gold:   261        SH:  0    Dex: 12    Spells: 13/19 levels left

rFire    . . .     SeeInvis .   a - +4 short sword
rCold    . . .     Faith    .   (no shield)
rNeg     . . .     Spirit   .   c - +0 robe
rPois    .         Reflect  .   (no helmet)
rElec    .         Harm     .   m - +1 cloak {Will+}
rCorr    .         Rampage  .   (no gloves)
Will     +....                  (no boots)
Stlth    +++.......             (no amulet)
HPRegen  0.19/turn              (no ring)
MPRegen  0.15/turn              (no ring)

@: about to teleport
A: fangs 1, strong nose, distributed training
a: no special abilities


You were on level 6 of the Dungeon.
You visited 1 branch of the dungeon, and saw 6 of its levels.
You also visited: Ossuary.

You collected 261 gold pieces.

Inventory:

Hand Weapons
 a - a +4 short sword (weapon)
 d - a +2 dagger of electrocution
 f - a +1 short sword of freezing
 l - a +2 trident of flaming
Missiles
 q - 10 stones
Armour
 c - a +0 robe (worn)
 m - a +1 cloak of willpower (worn)
 n - a +1 plate armour of willpower
Jewellery
 v - a ring of fire
Wands
 s - a wand of acid (10)
 t - a wand of iceblast (22)
 u - a wand of flame (27)
Scrolls
 g - 3 scrolls of amnesia
 p - a scroll of teleportation
 w - a scroll of enchant armour {unknown}
Potions
 b - 3 potions of flight
 e - 2 potions of haste {unknown}
 h - a potion of berserk rage
 i - 3 potions of brilliance {unknown}
 j - a potion of degeneration {unknown}
 k - a potion of might {unknown}
 o - 7 potions of curing {unknown}
 r - 2 potions of heal wounds


   Skills:
 + Level 3.6 Fighting
 + Level 3.6 Short Blades
 + Level 3.6 Long Blades
 + Level 3.6 Axes
 + Level 3.6 Maces & Flails
 + Level 3.6 Polearms
 + Level 3.6 Staves
 + Level 3.6 Slings
 + Level 3.6 Bows
 + Level 3.6 Crossbows
 + Level 3.6 Throwing
 + Level 3.6 Armour
 + Level 5.9 Dodging
 + Level 5.6 Stealth
 + Level 3.6 Shields
 + Level 3.6 Unarmed Combat
 + Level 6.2 Spellcasting
 + Level 3.0 Conjurations
 + Level 3.0 Hexes
 + Level 3.0 Summonings
 + Level 3.0 Necromancy
 + Level 3.0 Translocations
 + Level 3.7 Transmutations
 + Level 3.0 Fire Magic
 + Level 3.0 Ice Magic
 + Level 3.0 Air Magic
 + Level 6.3 Earth Magic
 + Level 3.0 Poison Magic
 + Level 4.0 Invocations
 + Level 3.6 Evocations


You had 13 spell levels left.
You knew the following spells:

 Your Spells              Type           Power      Damage    Failure   Level
a - Sandblast             Erth           50%        2d12      1%          1
b - Stone Arrow           Conj/Erth      38%        3d9       6%          3
c - Foxfire               Conj/Fire      56%        2x1d6     3%          1
d - Shock                 Conj/Air       56%        1d6       3%          1

Your spell library contained the following spells:

 Spells                   Type           Power      Damage    Failure   Level
 Passwall                 Tmut/Erth      17%        N/A       2%          2
 Static Discharge         Conj/Air       14%        N/A       6%          2
 Frozen Ramparts          Ice            28%        1d4       12%         3
 Petrify                  Tmut/Erth      21%        N/A       17%         4
 Lee's Rapid Deconstruct  Erth           12%        3d10*     28%         5
 Starburst                Conj/Fire      7%         8x6d4     99%         6


Dungeon Overview and Level Annotations

Branches:
Dungeon (6/15)            Ossuary (visited)
 Temple: D:4-7

Altars:
Ashenzari
Nemelex Xobeh
Qazlal
Uskayaw
Zin

Shops:
D:4 [

Annotations:
D:5 1 transporter, bartek7090's ghost, novice DsFi


Innate Abilities, Weirdness & Mutations

You have very sharp teeth.
Your uncanny sense of smell can sniff out nearby items.
Your experience applies equally to all skills.


Message History

The gnoll sergeant hits you from afar with a +0 trident!
You are too injured to fight recklessly!
The gnoll sergeant closely misses you.
You barely miss the gnoll sergeant.
The gnoll sergeant is lightly wounded.
The gnoll sergeant closely misses you.
You closely miss the gnoll sergeant.
The gnoll sergeant is lightly wounded.
You hit the gnoll sergeant.
The gnoll sergeant is moderately wounded.
The gnoll sergeant closely misses you.
You hit the gnoll sergeant.
You bite the gnoll sergeant, but do no damage.
The gnoll sergeant is moderately wounded.
The gnoll sergeant misses you.
You barely miss the gnoll sergeant.
The gnoll sergeant is moderately wounded.
The gnoll sergeant closely misses you.
You hit the gnoll sergeant but do no damage.
The gnoll sergeant is moderately wounded.
The gnoll sergeant closely misses you.
You hit the gnoll sergeant but do no damage.
The gnoll sergeant is moderately wounded.
The gnoll sergeant hits you with a +0 trident.
You barely miss the gnoll sergeant.
The gnoll sergeant is moderately wounded.
The gnoll sergeant misses you.
You hit the gnoll sergeant but do no damage.
You bite the gnoll sergeant, but do no damage.
The gnoll sergeant is moderately wounded.
The gnoll sergeant hits you with a +0 trident!
* * * LOW HITPOINT WARNING * * *
You hit the gnoll sergeant.
The gnoll sergeant is moderately wounded.
The gnoll sergeant hits you with a +0 trident.
* * * LOW HITPOINT WARNING * * *
As you read the scroll of teleportation, it crumbles to dust.
You feel strangely unstable.
The gnoll sergeant hits you with a +0 trident!
You die...

#.# #....# #.# #....+ #.#
#....# #.# #....# #.#
.######....## #.#
............ #.#
..........######.# ##.##
................@##......
.........#######.gFg.....
.######..# #.##g.....
#### #..# #.# ..... #...
######..### #.. ..## #.##
...........#############
#.#
######.................#
#.# #.###.#.......###.#
#.## #. #.#........<# #
#.#..†


You could see a gnoll sergeant, a bullfrog and 2 gnolls.

Vanquished Creatures
  Sigmund (D:4)
  A shadow (D:6)
  A water moccasin (D:3)
  An ice beast (D:5)
  A necrophage (D:6)
  An ogre (D:4)
  A phantom (D:5)
  6 centaur zombies
  A hound (D:3)
  A human zombie (Ossuary)
  A bullfrog skeleton (D:5)
  An orc priest (D:5)
  3 iguanas
  5 orc wizards
  2 mummies (Ossuary)
  5 gnolls
  7 adders
  2 white imps (D:5)
  An ufetubus (D:5)
  An adder zombie (Ossuary)
  An adder skeleton (D:4)
  2 worms
  3 dart slugs
  20 orcs
  9 endoplasms
  6 giant cockroaches
  3 goblins
  6 hobgoblins
  3 jackals (D:2)
  2 quokkas (D:1)
  3 ball pythons (D:1)
  5 bats
  5 frilled lizards (D:1)
  9 hobgoblin zombies (Ossuary)
  2 jackal zombies (Ossuary)
  2 kobolds
  13 kobold zombies (Ossuary)
  5 orc zombies (Ossuary)
  5 rats
147 creatures vanquished.

Vanquished Creatures (others)
  2 foxfires (D:6)
  6 plants (D:5)
8 creatures vanquished.

Grand Total: 155 creatures vanquished

Notes
Turn   | Place    | Note
-------+----------+-------------------------------------------
     0 | D:1      | senseless the Gnoll Earth Elementalist began the quest for
                  | the Orb.
     0 | D:1      | Reached XP level 1. HP: 13/13 MP: 6/6
   247 | D:1      | Reached XP level 2. HP: 18/19 MP: 5/7
   331 | D:1      | Found a faded altar of an unknown god.
   823 | D:1      | Reached XP level 3. HP: 25/25 MP: 6/9
   826 | D:1      | Reached skill level 5 in Spellcasting
  1179 | D:1      | Reached skill level 1 in Invocations
  1500 | D:1      | Learned a level 3 spell: Stone Arrow
  1546 | D:2      | Identified the Catalogue of Analysis
  1707 | D:2      | Reached skill level 1 in Fighting
  1707 | D:2      | Reached skill level 1 in Short Blades
  1707 | D:2      | Reached skill level 1 in Long Blades
  1707 | D:2      | Reached skill level 1 in Axes
  1707 | D:2      | Reached skill level 1 in Maces & Flails
  1707 | D:2      | Reached skill level 1 in Polearms
  1707 | D:2      | Reached skill level 1 in Staves
  1707 | D:2      | Reached skill level 1 in Slings
  1707 | D:2      | Reached skill level 1 in Bows
  1707 | D:2      | Reached skill level 1 in Crossbows
  1707 | D:2      | Reached skill level 1 in Throwing
  1707 | D:2      | Reached skill level 1 in Armour
  1707 | D:2      | Reached skill level 1 in Shields
  1707 | D:2      | Reached skill level 1 in Unarmed Combat
  1707 | D:2      | Reached skill level 1 in Evocations
  1867 | D:2      | Reached XP level 4. HP: 32/32 MP: 7/11
  1959 | D:2      | Noticed an ogre
  2552 | D:3      | Reached skill level 1 in Conjurations
  2552 | D:3      | Reached skill level 1 in Hexes
  2552 | D:3      | Reached skill level 1 in Summonings
  2552 | D:3      | Reached skill level 1 in Necromancy
  2552 | D:3      | Reached skill level 1 in Translocations
  2552 | D:3      | Reached skill level 1 in Fire Magic
  2552 | D:3      | Reached skill level 1 in Ice Magic
  2552 | D:3      | Reached skill level 1 in Air Magic
  2552 | D:3      | Reached skill level 1 in Poison Magic
  2821 | D:3      | Found a broken altar of Ashenzari.
  2832 | D:3      | Noticed a +0 short sword
  2833 | D:3      | Noticed a +0 dagger
  2833 | D:3      | Noticed a +0 falchion
  2834 | D:3      | Noticed a +0 spear
  2834 | D:3      | Noticed a +0 spear
  2834 | D:3      | Noticed a +0 falchion
  2834 | D:3      | Noticed a +0 short sword
  2834 | D:3      | Noticed a +0 dagger
  2838 | D:3      | Found a hide-covered altar of Uskayaw.
  2851 | D:3      | Reached XP level 5. HP: 37/37 MP: 9/12
  3418 | D:3      | Identified a scroll of acquirement
  3418 | D:3      | Acquired a +1 cloak of willpower
  3426 | D:4      | Noticed a water moccasin
  3435 | D:3      | Killed a water moccasin
  3436 | D:3      | Reached XP level 6. HP: 30/44 MP: 8/13
  3569 | D:4      | Reached skill level 5 in Dodging
  3800 | D:4      | Found a sand-covered staircase.
  3811 | Ossuary  | Entered an ossuary
  4101 | Ossuary  | Reached XP level 7. HP: 33/50 MP: 15/15
  4679 | D:4      | Found Buifamel's Antique Armour Boutique.
  4822 | D:4      | Found a sparkling altar of Nemelex Xobeh.
  4829 | D:4      | Noticed Sigmund
  4834 | D:4      | Killed Sigmund
  4835 | D:4      | Reached skill level 5 in Stealth
  5299 | D:4      | Found a stormy altar of Qazlal.
  5299 | D:4      | Found a glowing silver altar of Zin.
  5384 | D:5      | Entered Level 5 of the Dungeon
  5400 | D:5      | Reached XP level 8. HP: 57/57 MP: 12/16
  5516 | D:5      | Found a transporter.
  5670 | D:5      | Identified the +0 ring mail of the Raven {Harm Rampage
                  | Dex-4 SInv}
  5670 | D:5      | Identified the +2 buckler "Xahout" {Str+4}
  6039 | D:5      | Found a transporter.
  6080 | D:5      | Noticed bartek7090's ghost (novice DsFi)
  6295 | D:5      | Identified the amulet "Eboeshri" {Spirit rPois}
  6579 | D:5      | Learned a level 1 spell: Foxfire
  6581 | D:5      | Learned a level 1 spell: Shock
  6584 | D:6      | Noticed a shadow
  6601 | D:6      | Killed a shadow
  6966 | D:6      | Mangled by a gnoll sergeant

Illustrated notes

Levels and vault maps discovered:
D:1:      eino_arrival_cavern_a, layout_basic, basic_ecumenical_altar,
          dk_noncrumbling_3, minmay_tromino_i4
D:2:      layout_basic, lightli_corner_chamber
D:3:      layout_basic, ashenzari_altar_1, nicolae_uskayaw_en_pointe,
          minmay_misc_feat_tower, minmay_bisected
D:4:      layout_basic, nemelex_altar_shiori, amethyst_overflow_temple_binary,
          nicolae_ossuary_entry_plus, serial_shops, shop, supply_closet_lemuel,
          uniq_sigmund
D:5:      layout_rooms, gammafunk_ghost_gnarly_gnolls
D:6:      layout_basic

Skill      XL: |  1  2  3  4  5  6  7  8 |
---------------+-------------------------+-----
Transmutations | 2 3 |  3.7
Spellcasting   | 5 6 |  6.2
Invocations    | 1 2 3 4 |  4.0
Fighting       | 1 2 3 |  3.6
Short Blades   | 1 2 3 |  3.6
Long Blades    | 1 2 3 |  3.6
Axes           | 1 2 3 |  3.6
Maces & Flails | 1 2 3 |  3.6
Polearms       | 1 2 3 |  3.6
Staves         | 1 2 3 |  3.6
Slings         | 1 2 3 |  3.6
Bows           | 1 2 3 |  3.6
Crossbows      | 1 2 3 |  3.6
Throwing       | 1 2 3 |  3.6
Armour         | 1 2 3 |  3.6
Shields        | 1 2 3 |  3.6
Unarmed Combat | 1 2 3 |  3.6
Evocations     | 1 2 3 |  3.6
Conjurations   | 1 2 3 |  3.0
Hexes          | 1 2 3 |  3.0
Summonings     | 1 2 3 |  3.0
Necromancy     | 1 2 3 |  3.0
Translocations | 1 2 3 |  3.0
Fire Magic     | 1 2 3 |  3.0
Ice Magic      | 1 2 3 |  3.0
Air Magic      | 1 2 3 |  3.0
Poison Magic   | 1 2 3 |  3.0
Dodging        | 5 |  5.9
Stealth        | 5 |  5.6
Earth Magic    | 6 |  6.3

Action                   |  1- 3 |  4- 6 |  7- 9 || total
-------------------------+-------+-------+-------++-------
Melee: Short sword       |    14 |    37 |   116 ||   167
       Punch             |       |     1 |     2 ||     3
       Trident           |       |       |     6 ||     6
       Bite              |       |       |     8 ||     8
 Cast: Sandblast         |    54 |    75 |    89 ||   218
       Stone Arrow       |     1 |       |     2 ||     3
       Shock             |       |       |     5 ||     5
       Foxfire           |       |       |     2 ||     2
  Use: Scroll            |       |     5 |     4 ||     9
       Potion            |       |     2 |     1 ||     3
Armor: Robe              |     6 |    44 |    45 ||    95
Dodge: Dodged            |    17 |    95 |   103 ||   215

Table legend: (Time is in decaauts)
 A = Elapsed time spent in this place.
 B = Non-inter-level travel time spent in this place.
 C = Inter-level travel time spent in this place.
 D = Time resting spent in this place.
 E = Time spent auto-exploring this place.
 F = Levels seen in this place.
 G = Mean time per level.
                   A        B        C        D        E       F      G
               +--------+--------+--------+--------+--------+-----+--------+
         Total |   6963 |   6680 |    283 |    502 |   5274 |   7 |  994.7 |
       Dungeon |   6233 |   5950 |    283 |    260 |   5031 |   6 | 1038.8 |
       Ossuary |    730 |    730 |      0 |    242 |    243 |   1 |  730.0 |
               +--------+--------+--------+--------+--------+-----+--------+

Top non-repeatable levels by time:
     D:1: 1501 daAuts
     D:5: 1195 daAuts
     D:4: 1127 daAuts
     D:3: 1085 daAuts
     D:2: 942 daAuts
 Ossuary: 730 daAuts
     D:6: 381 daAuts
